 Dungeon Crawl Stone Soup version 0.31-a0-1591-g515db51633 (webtiles) character file.

Game seed: 10151885630072471482

7183 CougarLife the Slicer (level 11, -5/84 HPs)
             Began as a Merfolk Shapeshifter on Jan 7, 2024.
             Was an Elder of Okawaru.
             Slain by a catoblepas (14 damage)
             ... on level 8 of the Dungeon.
             The game lasted 00:23:47 (11243 turns).

CougarLife the Slicer (Merfolk Shapeshifter)       Turns: 11243, Time: 00:23:48

Health: -5/84      AC:  6    Str: 19    XL:     11   Next: 11%
Magic:  12/17      EV: 14    Int: 10    God:    Okawaru [****..]
Gold:   412        SH:  0    Dex: 13    Spells: 10/10 levels left

rFire   . . .        s - +1 short sword (speed)
rCold   . . .        (no shield)
rNeg    . . .        h - +0 steam dragon scales
rPois   .            l - melded +0 helmet
rElec   .            (cloak currently unavailable)
rCorr   .            (gloves currently unavailable)
SInv    .            (boots currently unavailable)
Will    .....        (no amulet)
Stlth   +++          e - +4 ring of slaying
HPRegen 0.34/turn    L - +5 ring of evasion
MPRegen 0.15/turn

%: no passive effects
@: beast-form, heroic, finesse-ful, petrifying, very slow
A: beast (slay +4), (nimble swimmer 2), mertail
a: Begin Untransformation, Renounce Religion, Heroism, Finesse


You were on level 8 of the Dungeon.
You worshipped Okawaru.
Okawaru was greatly pleased with you.
You were a hulking beast.
You visited 2 branches of the dungeon, and saw 9 of its levels.
You also visited: Bailey.

You collected 412 gold pieces.

Inventory:

Hand Weapons
 s - a +1 short sword of speed (weapon)
Missiles
 o - 4 javelins
 p - 6 poisoned darts
Armour
 h - +0 steam dragon scales (worn)
 l - a +0 helmet (melded)
Jewellery
 e - a +4 ring of slaying (left hand)
 g - a ring of protection from cold
 i - a ring of poison resistance
 B - a ring of see invisible
 L - a +5 ring of evasion (right hand)
Talismans
 c - a beast talisman (active)
 d - a flux talisman
Wands
 r - a wand of quicksilver (4)
 C - a wand of roots (8)
 G - a wand of flame (10) (quivered)
 I - a wand of paralysis (5)
Scrolls
 a - 2 scrolls of fear
 q - a scroll of poison {unknown}
 t - 2 scrolls of vulnerability
 v - a scroll of enchant weapon {unknown}
 y - 2 scrolls of fog {unknown}
 A - a scroll of revelation {unknown}
 E - a scroll of noise {unknown}
 F - 2 scrolls of brand weapon {unknown}
 H - a scroll of immolation {unknown}
 J - a scroll of blinking {unknown}
Potions
 b - a potion of lignification
 f - 5 potions of curing
 j - 5 potions of heal wounds {unknown}
 k - 2 potions of mutation {unknown}
 m - 4 potions of enlightenment {unknown}
 u - a potion of might {unknown}
 w - a potion of attraction {unknown}
 x - 2 potions of resistance {unknown}
 z - a potion of brilliance {unknown}
 D - 4 potions of invisibility {unknown}
 K - a potion of magic {unknown}


   Skills:
 - Level 7.2(12.2) Fighting
 - Level 10.3(15.3) Short Blades
 - Level 6.2(11.2) Dodging
 - Level 4.6(9.6) Unarmed Combat
 * Level 9.3 Invocations
 + Level 10.3 Shapeshifting


You had 10 spell levels left.
You didn't know any spells.
Your spell library contained the following spells:

 Spells                   Type           Power      Damage    Failure   Level
 Magic Dart               Conj           0%         1d3       36%         1
 Blink                    Tloc           0%         N/A       50%         2
 Dazzling Flash           Conj/Hex       0%         N/A       75%         3
 Volatile Blastmotes      Fire/Tloc      0%         2d10      75%         3
 Anguish                  Hex/Necr       0%         N/A       98%         4
 Cause Fear               Hex            0%         N/A       98%         4
 Starburst                Conj/Fire      0%         6d3       100%        6
 Enfeeble                 Hex            0%         N/A       100%        7
 Maxwell's Capacitive Co  Air            0%         ∞         100%        8
 Call Imp                 Summ           Unusable   N/A       N/A         2

Dungeon Overview and Level Annotations

Branches:
Dungeon (8/15)             Temple (1/1) D:4          Bailey (visited)
   Lair: D:8-11

Altars:
Ashenzari
Cheibriados
Elyvilon
Gozag
Hepliaklqana
Kikubaaqudgha
Makhleb
Nemelex Xobeh
Okawaru
Qazlal
Ru
Trog
Uskayaw
Vehumet
Wu Jian
Yredelemnul
Zin
The Shining One

Annotations:
D:7 2 runed translucent doors, BigPumpCobain's ghost, novice TrSh


Innate Abilities, Weirdness & Mutations

You are a hulking beast.
Your limbs bulge with bestial killing power. (Slay +4)
((You are very nimble when in or above water. (Stealth+, EV+, Speed+++)))
Your lower body shifts to a powerful aquatic tail in water.


Message History

The efreet is moderately wounded.
The efreet gestures at you. The bolt of fire hits you!
You hit the efreet.
The efreet is moderately wounded.
You hit the efreet.
The efreet is heavily wounded.
The efreet closely misses you.
You puncture the efreet!
The efreet is almost dead.
You hit the efreet.
The efreet is almost dead.
You hit the efreet but do no damage.
The efreet is almost dead.
The efreet completely misses you.
You hit the efreet.
You kill the efreet!
Okawaru accepts your kill.
It was a potion of curing.
You feel better.
The orc warrior shouts!
You hit the catoblepas but do no damage.
The catoblepas gores you!
* * * LOW HITPOINT WARNING * * *
You can now deal lightning-fast blows.
You can no longer enter into single combat with a foe.
Okawaru will no longer gift you throwing weapons.
The catoblepas breathes a plume of calcifying dust at you.
The blast of calcifying dust hits you.
* * * LOW HITPOINT WARNING * * *
The catoblepas breathes a plume of calcifying dust at you.
The blast of calcifying dust hits you!
* * * LOW HITPOINT WARNING * * *
The catoblepas breathes a plume of calcifying dust at you.
The blast of calcifying dust hits you.
* * * LOW HITPOINT WARNING * * *
You hit the catoblepas but do no damage.
You are engulfed in calcifying dust.
You are slowing down.
The catoblepas gores you!!
You die...

.#.#......############ #......#
...)...............#### #......#
.#.##......#######....# #...#'##
.#.##......# ####.# #...#.#
.#.##......# ###.###...#.#
.#.##......# ###.#..######)###
.#.#######.# ###.§.##...## #)...
.#.# #.####..§...###..###....
.#.#######.##...h.#..####..##)...
.#.........###.Y###...# ##.##....
############.'.o.###..## #..#?...
.....# ###...##.§#.....####.#....
####'###....).#.o..o.#○#.##.#....
.......##..#..##.†)###☼R.##.#....
........#......#.###..○...#......
......(.##.[[#####...○.#..##..###
.........#.#'#.#.....###...#..#..


You could see a catoblepas and an orc warrior (petrifying).

Vanquished Creatures
  A two-headed ogre (D:8)
  Pikel (D:6)
  A manticore (D:8)
  A gargoyle (Bailey)
  An efreet (D:8)
  A troll (D:8)
  A hornet (D:8)
  Grinder (D:6)
  A vampire (Bailey)
  A wyvern (D:8)
  3 steam dragons
  A water moccasin (D:8)
  Duvessa (D:6)
  2 ice beasts (D:5)
  An orc warrior (D:7)
  2 sky beasts (D:8)
  3 black bears
  A hornet zombie (D:6)
  An ogre (D:5)
  3 centaurs
  2 lemures (D:6)
  A kobold brigand (D:7)
  2 phantoms
  2 necrophages (D:6)
  4 scorpions
  4 bullfrogs
  2 wyvern zombies (D:6)
  5 wights
  Dowan (D:6)
  2 howler monkeys
  7 vampire bats (Bailey)
  5 wolf zombies (Bailey)
  A bombardier beetle (D:7)
  2 centaur zombies (D:6)
  A human zombie (D:6)
  2 hounds
  An orc priest (D:4)
  A gnoll bouda (D:7)
  A sleepcap (D:5)
  Ijyb (D:3)
  4 iguanas
  2 orc wizards
  A killer bee zombie (D:6)
  2 mummies (D:6)
  5 gnolls (D:7)
  2 river rats
  10 adders
  4 white imps
  2 ufetubi
  2 dart slugs
  3 ribbon worms
  17 orcs
  4 ball pythons
  6 bats
  6 endoplasms
  4 giant cockroaches
  7 hobgoblins
  9 kobolds
  3 quokkas
  A frilled lizard (D:3)
  14 goblins
  19 orc zombies (Bailey)
  2 rats (D:2)
204 creatures vanquished.

Notes
Turn   | Place    | Note
-------+----------+-------------------------------------------
     0 | D:1      | CougarLife the Merfolk Shapeshifter began the quest for the
                  | Orb.
     0 | D:1      | Reached XP level 1. HP: 15/15 MP: 1/1
   131 | D:1      | Reached XP level 2. HP: 19/21 MP: 2/2
  1207 | D:2      | Reached XP level 3. HP: 23/26 MP: 3/3
  2069 | D:3      | Found a burning altar of Makhleb.
  2217 | D:3      | Reached XP level 4. HP: 33/33 MP: 4/4
  2446 | D:3      | Noticed Ijyb
  2457 | D:3      | Killed Ijyb
  2608 | D:4      | Found a staircase to the Ecumenical Temple.
  2615 | Temple   | Entered the Ecumenical Temple
  2774 | Temple   | Became a worshipper of Warmaster Okawaru
  2854 | D:4      | Reached skill level 1 in Short Blades
  2854 | D:4      | Reached XP level 5. HP: 35/39 MP: 5/5
  3455 | D:4      | Noticed a phantom
  3465 | D:4      | Killed a phantom
  3466 | D:4      | Reached XP level 6. HP: 39/47 MP: 6/6
  3664 | D:4      | Found an opulent altar of Gozag.
  3742 | D:5      | Entered Level 5 of the Dungeon
  3973 | D:5      | Noticed a black bear
  3981 | D:5      | Killed a black bear
  3981 | D:5      | Reached * piety under Okawaru
  3982 | D:5      | Reached skill level 5 in Short Blades
  3982 | D:5      | Reached XP level 7. HP: 50/55 MP: 7/7
  4390 | D:5      | Reached skill level 5 in Fighting
  4423 | D:5      | Reached ** piety under Okawaru
  4432 | D:5      | Reached XP level 8. HP: 9/63 MP: 8/8
  5081 | D:6      | Noticed Pikel
  5223 | D:6      | Killed Pikel
  5223 | D:6      | Reached *** piety under Okawaru
  5224 | D:6      | Reached XP level 9. HP: 21/72 MP: 9/9
  5453 | D:6      | Noticed Grinder
  5467 | D:6      | Killed Grinder
  5468 | D:6      | Reached skill level 10 in Short Blades
  5653 | D:6      | Noticed Dowan
  5655 | D:6      | Noticed Duvessa
  5679 | D:6      | Killed Duvessa
  5680 | D:6      | Reached skill level 5 in Shapeshifting
  6228 | D:5      | Reached skill level 5 in Dodging
  6975 | D:6      | Reached **** piety under Okawaru
  7244 | D:6      | Found a basalt altar of Yredelemnul.
  7255 | D:6      | Reached skill level 1 in Invocations
  7318 | D:6      | Killed Dowan
  7590 | D:7      | Found a flagged portal.
  7614 | Bailey   | Entered a bailey
  7735 | Bailey   | Reached XP level 10. HP: 71/79 MP: 12/12
  8045 | Bailey   | Noticed a gargoyle
  8060 | Bailey   | Killed a gargoyle
  8061 | Bailey   | Reached skill level 5 in Invocations
  8683 | D:7      | Found a large runed translucent door.
  8683 | D:7      | Found a large runed translucent door.
  8687 | D:7      | Noticed BigPumpCobain's ghost (novice TrSh)
  9282 | D:8      | Found a stormy altar of Qazlal.
  9360 | D:8      | Found a bloodstained altar of Trog.
  9519 | D:8      | Found an ornate altar of the Wu Jian Council.
  9606 | D:8      | Found a snail-covered altar of Cheibriados.
 10016 | D:8      | Noticed a manticore
 10039 | D:8      | Killed a manticore
 10774 | D:8      | Noticed a catoblepas
 10860 | D:8      | Noticed a two-headed ogre
 10903 | D:8      | Killed a two-headed ogre
 10903 | D:8      | Reached ***** piety under Okawaru
 10904 | D:8      | Reached skill level 10 in Shapeshifting
 10904 | D:8      | Reached XP level 11. HP: 42/84 MP: 15/17
 11243 | D:8      | Slain by a catoblepas

Illustrated notes

Levels and vault maps discovered:
D:1:      dpeg_arrival_boxorama, layout_basic
D:2:      layout_basic
D:3:      layout_basic, bloody_makhleb, kennysheep_generic_room_9, uniq_ijyb
D:4:      layout_loops_ring, nicolae_overflow_hidden_temple,
          minmay_temple_entry_grid, feat_on_display
D:5:      minmay_bubble_buster, layout_cave_pools, minivault_26
D:6:      layout_loops_ring, lemuel_mausoleum_altar_yredelemnul,
          cheibrodos_sewer_entry_sluice, grunt_ministairs_2, uniq_pikel,
          uniq_grinder, uniq_duvessa
D:7:      layout_rooms, enter_bailey_3, ebering_ghost_disaster_area,
          corexii_hall_statues_s
D:8:      minmay_slanted_spiral_squares, layout_basic, slow_altar_1,
          nzn_wu_jian_contemplation, nicolae_qazlal_beasts_of_the_sky,
          marbit_many_paths
Temple:   nicolae_temple_bog_church

Skill      XL: |  1  2  3  4  5  6  7  8  9 10 |
---------------+-------------------------------+-----
Dodging        | 3 4 6 |  6.2
Unarmed Combat | 4 |  4.6
Fighting       | 2 3 4 5 7 |  7.2
Short Blades   | 1 3 5 7 9 10 | 10.3
Shapeshifting  | 7 10 | 10.3
Invocations    | 3 9 |  9.3

Action                     |  1- 3 |  4- 6 |  7- 9 | 10-12 || total
---------------------------+-------+-------+-------+-------++-------
  Melee: Unarmed           |    71 |    19 |       |       ||    90
         Short sword       |       |    81 |   370 |   313 ||   764
         Punch             |       |     5 |    16 |    17 ||    38
  Throw: Dart              |       |     9 |     3 |     9 ||    21
 Invoke: Heroism           |       |       |     2 |     4 ||     6
         Finesse           |       |       |       |     1 ||     1
  Evoke: Wand              |       |       |    11 |    21 ||    32
    Use: Scroll            |       |       |     5 |     2 ||     7
         Potion            |       |       |       |     2 ||     2
 Armour: Animal skin       |    38 |    38 |   115 |       ||   191
         Steam dragon scal |       |       |    18 |   106 ||   124
         Skin              |       |       |       |    13 ||    13
  Dodge: Dodged            |    48 |    49 |   117 |   161 ||   375
   Form: Beast             |     2 |       |       |       ||     2
                           |     1 |       |       |       ||     1

Table legend: (Time is in decaauts)
 A = Elapsed time spent in this place.
 B = Non-inter-level travel time spent in this place.
 C = Inter-level travel time spent in this place.
 D = Time resting spent in this place.
 E = Time spent auto-exploring this place.
 F = Levels seen in this place.
 G = Mean time per level.
                   A        B        C        D        E       F      G
               +--------+--------+--------+--------+--------+-----+--------+
         Total |  10746 |  10261 |    485 |   3274 |   4825 |  10 | 1074.6 |
       Dungeon |   9824 |   9358 |    466 |   2809 |   4791 |   8 | 1228.0 |
        Temple |     45 |     26 |     19 |      0 |      0 |   1 |   45.0 |
        Bailey |    876 |    876 |      0 |    465 |     34 |   1 |  876.0 |
               +--------+--------+--------+--------+--------+-----+--------+

Top non-repeatable levels by time:
     D:5: 1969 daAuts
     D:8: 1740 daAuts
     D:6: 1437 daAuts
     D:4: 1129 daAuts
     D:2: 1110 daAuts
     D:1: 990 daAuts
  Bailey: 876 daAuts
     D:7: 858 daAuts
     D:3: 588 daAuts
  Temple: 45 daAuts
